 Dungeon Crawl Stone Soup version 0.24.0-123-gd5b16e6ec5 (webtiles) character file.

Game seed: 14485828070429574101, levelgen mode: deterministic

12641 FishyPogo the Transmogrifier (level 11, 0/84 HPs)
             Began as a Demonspawn Gladiator on Jan 19, 2020.
             Was a High Priest of Makhleb.
             Slain by a yak (8 damage)
             ... on level 11 of the Dungeon.
             The game lasted 00:51:57 (11955 turns).

FishyPogo the Transmogrifier (DsGl)                Turns: 11955, Time: 00:51:57

Health: 0/84       AC: 17    Str: 28    XL:     11   Next: 65%
Magic:  27/27      EV: 12    Int:  5    God:    Makhleb [*****.]
Gold:   1289       SH:  0    Dex: 15    Spells: 8/20 levels left

rFire    . . .     SeeInvis .   l - +2 scimitar (flame)
rCold    + + .     Gourm    .   (no shield)
rNeg     . . .     Faith    +   F - +3 scale mail {rC+}
rPois    +         Spirit   .   c - +0 helmet
rElec    +         Reflect  .   b - +0 cloak
rCorr    .         Harm     .   J - +0 pair of gloves of Freedom {MP+9 Str+10 Stlth-}
MR       ++...                  (no boots)
Stlth    ..........             R - amulet "Ahytte" {Faith rElec rPois MR++ Int-4}
HPRegen  0.24/turn              s - ring of poison resistance
MPRegen  0.20/turn              t - ring of wizardry

@: no status effects
A: claws 2, iridescent scales 2, cold resistance 1, freezing cloud immunity
a: Minor Destruction, Lesser Servant of Makhleb, Major Destruction, Greater
Servant of Makhleb, Renounce Religion


You were on level 11 of the Dungeon.
You worshipped Makhleb.
Makhleb was extremely pleased with you.
You were not hungry.

You visited 2 branches of the dungeon, and saw 12 of its levels.
You also visited: Bailey.

You collected 1289 gold pieces.

Inventory:

Hand Weapons
 e - a +3 halberd
 l - a +2 scimitar of flaming (weapon)
 B - a +5 flail
 H - the +0 spear "Beetleslayer" {pierce, rElec}
   (You found it in a bailey)

   It inflicts extra damage upon your enemies.
   It insulates you from electricity.
Missiles
 d - 11 throwing nets
 m - 206 stones
 q - 2 javelins (quivered)
 E - 3 atropa-tipped darts
 I - 6 boomerangs
 V - 7 poisoned darts
Armour
 b - a +0 cloak (worn)
 c - a +0 helmet (worn)
 u - a +2 plate armour of poison resistance
 v - a +2 robe of magic resistance
 F - a +3 scale mail of cold resistance (worn)
 J - the +0 pair of gloves of Freedom (worn) {MP+9 Str+10 Stlth-}
   (You found it on level 8 of the Dungeon)

   It affects your strength (+10).
   It affects your magic capacity (+9).
   It makes you less stealthy.
Jewellery
 s - a ring of poison resistance (left hand)
 t - a ring of wizardry (right hand)
 y - a +2 ring of intelligence
 G - an uncursed amulet of rage
 R - the amulet "Ahytte" (around neck) {Faith rElec rPois MR++ Int-4}
   (You acquired it on level 11 of the Dungeon)

   [amulet of faith]

   It allows you to gain divine favour quickly.
   It affects your intelligence (-4).
   It insulates you from electricity.
   It protects you from poison.
   It affects your resistance to hostile enchantments.
Wands
 k - a wand of random effects (24)
 A - a wand of disintegration (9)
 K - a wand of flame (16)
Scrolls
 g - 17 scrolls of remove curse
 i - a scroll of magic mapping
 p - 5 scrolls of enchant armour
 r - 6 scrolls of identify
 M - a scroll of fear {unknown}
 N - a scroll of teleportation {unknown}
 P - a scroll of immolation
 Q - a scroll of torment {unknown}
 U - a scroll of fog
Potions
 a - 2 potions of cancellation {unknown}
 h - 2 potions of magic
 j - 2 potions of curing
 n - a potion of might {unknown}
 o - a potion of ambrosia
 w - 3 potions of flight
 x - 2 potions of berserk rage {unknown}
 z - a potion of degeneration {unknown}
 C - a potion of mutation {unknown}
 D - a potion of brilliance {unknown}
 L - 3 potions of lignification
 O - 2 potions of heal wounds
 S - a potion of haste {unknown}
Comestibles
 f - 22 rations
 T - 18 chunks of flesh


   Skills:
 - Level 7.0 Fighting
   Level 3.3(3.4) Short Blades
 * Level 1.3(2.5) Long Blades
 - Level 2.0 Throwing
 + Level 3.1 Armour
 - Level 3.0 Dodging
 - Level 8.1 Unarmed Combat
 - Level 5.0 Spellcasting
 * Level 11.6 Transmutations
 + Level 3.5 Invocations


You had 8 spell levels left.
You knew the following spells:

 Your Spells              Type           Power        Failure   Level  Hunger
a - Regeneration          Chrm/Necr      #.........   58%         3    ####...
p - Blade Hands           Tmut           ##........   6%          5    ######.
u - Spider Form           Tmut/Pois      #.........   8%          3    ####...
y - Beastly Appendage     Tmut           ##....       1%          1    ##.....

Your spell library contained the following spells:

 Spells                   Type           Power        Failure   Level  Hunger
 Sticks to Snakes         Tmut           ##......     1%          2    ###....
 Animate Skeleton         Necr           N/A          26%         1    ##.....
 Flame Tongue             Conj/Fire      #....        26%         1    ##.....
 Pain                     Necr           #...         26%         1    ##.....
 Ice Form                 Ice/Tmut       #.......     26%         4    #####..
 Vampiric Draining        Necr           #.........   58%         3    ####...
 Dragon Form              Tmut           ##........   86%         7    #######
 Animate Dead             Necr           N/A          92%         4    #####..
 Cause Fear               Hex            #.........   92%         4    #####..
 Bolt of Fire             Conj/Fire      #.........   100%        6    #######
 Dragon's Call            Summ           #.........   100%        9    #######


Dungeon Overview and Level Annotations

Branches:
Dungeon (11/15)            Temple (0/1) D:4            Lair (0/6) D:11
    Orc (1/2) D:9          Bailey (visited)

Altars:
Elyvilon
Kikubaaqudgha
Makhleb
Nemelex Xobeh
Qazlal

Shops:
D:6 (

Annotations:
D:2 1 runed translucent door, Crazy Yiuf
D:4 3 runed translucent doors, Leggsy7533's ghost, amateur MiBe
D:6 3 exclusions


Innate Abilities, Weirdness & Mutations

You have very sharp fingernails.
You are mostly covered in iridescent scales. (AC +4)
Your flesh is cold resistant. (rC+)
You are immune to freezing clouds.


Message History

The yak is heavily wounded.
The yak gores you.
* * * LOW HITPOINT WARNING * * *
You hit the yak. You burn the yak.
The yak is heavily wounded.
The yak gores you but does no damage. The yak gores you.
* * * LOW HITPOINT WARNING * * *
You slash the yak! You burn the yak.
You kill the yak!
Makhleb accepts your kill.
You closely miss the yak.
The yak is lightly wounded.
The yak misses you.
You riposte.
You hit the yak. You burn the yak.
The yak is lightly wounded.
The yak gores you!
* * * LOW HITPOINT WARNING * * *
You hit the yak. You burn the yak.
The yak is moderately wounded.
The yak gores you!
You die...

......##
.......##
........## .
.........##
(#
..........#
.(#
..........##
F..#
...........##


Yc... ............######cYo... ................@Y# ..........#########
#####....## ###### You could see 3 yaks, a bullfrog, 2 centaurs and an orc.

Vanquished Creatures
  Erica (D:11)
  2 two-headed ogres
  A manticore (D:11)
  Maurice (D:10)
  2 trolls
  2 hornets
  Grinder (D:5)
  3 hippogriffs
  A wyvern (D:6)
  9 yaks
  A hungry ghost (D:10)
  2 wargs (D:9)
  A water moccasin (D:9)
  3 orc warriors (D:9)
  2 ice beasts
  8 sky beasts
  6 phantoms
  3 black bears
  3 ogres
  7 centaurs
  A big kobold (D:9)
  A bullfrog (D:9)
  4 gnoll sergeants (Bailey)
  A water moccasin zombie (D:11)
  3 scorpions
  2 killer bees (D:9)
  13 wights
  2 howler monkeys
  2 electric eels (D:9)
  6 crimson imps
  5 jellies
  3 quasits
  6 orc priests
  A centaur skeleton (D:8)
  3 gnoll shamans (Bailey)
  11 hounds
  4 iguanas
  Jessica (D:3)
  A bullfrog skeleton (D:9)
  10 orc wizards
  12 worker ants
  A hound zombie (D:8)
  3 hound skeletons
  2 worker ant zombies
  A howler monkey zombie (D:9)
  12 adders
  14 gnolls
  A howler monkey skeleton (D:9)
  A shadow imp (D:7)
  An ooze (D:7)
  6 adder skeletons
  2 worms
  3 dart slugs
  6 leopard geckos
  37 orcs
  2 bats
  7 giant cockroaches
  11 goblins
  6 hobgoblins
  3 jackals (D:5)
  11 kobolds
  6 quokkas
  2 ball pythons
  2 frilled lizards
  8 rats
299 creatures vanquished.

Vanquished Creatures (collateral kills)
  A yak (D:10)
  4 gnoll sergeants (Bailey)
  3 killer bees (D:9)
  3 gnoll shamans (Bailey)
  7 gnolls (Bailey)
18 creatures vanquished.

Vanquished Creatures (others)
  An orc wizard (D:10)
1 creature vanquished.

Grand Total: 318 creatures vanquished

Notes
Turn   | Place    | Note
-------+----------+-------------------------------------------
     0 | D:1      | FishyPogo the Demonspawn Gladiator began the quest for the
                  | Orb.
     0 | D:1      | Reached XP level 1. HP: 16/16 MP: 1/1
   167 | D:1      | Gained mutation: You are partially covered in iridescent
                  | scales. (AC +2) [demonic ancestry]
   167 | D:1      | Reached XP level 2. HP: 18/22 MP: 2/2
   453 | D:1      | Reached skill level 1 in Armour
   709 | D:2      | Reached XP level 3. HP: 15/28 MP: 3/3
   735 | D:2      | Found a sparkling altar of Nemelex Xobeh.
  1308 | D:2      | Found a runed translucent door.
  1309 | D:2      | Noticed Crazy Yiuf
  1507 | D:2      | Found a burning altar of Makhleb.
  1513 | D:2      | Became a worshipper of Makhleb the Destroyer
  1522 | D:2      | Gained mutation: Your flesh is cold resistant. (rC+)
                  | [demonic ancestry]
  1522 | D:2      | Reached XP level 4. HP: 35/35 MP: 4/4
  1697 | D:3      | Noticed Jessica
  1710 | D:3      | Killed Jessica
  1905 | D:3      | Gained mutation: You have sharp fingernails. [demonic
                  | ancestry]
  1905 | D:3      | Reached XP level 5. HP: 40/41 MP: 5/5
  2410 | D:4      | Reached * piety under Makhleb
  2436 | D:4      | Learned a level 1 spell: Beastly Appendage
  2437 | D:4      | Noticed a phantom
  2730 | D:3      | Reached XP level 6. HP: 36/48 MP: 6/6
  2738 | D:4      | Reached skill level 1 in Unarmed Combat
  2738 | D:4      | Reached skill level 1 in Transmutations
  2857 | D:4      | Found a staircase to the Ecumenical Temple.
  2888 | D:4      | Reached skill level 1 in Spellcasting
  3007 | D:4      | Reached skill level 2 in Transmutations
  3195 | D:4      | Found a white marble altar of Elyvilon.
  3245 | D:4      | Gained mutation: You are mostly covered in iridescent
                  | scales. (AC +4) [demonic ancestry]
  3245 | D:4      | Reached XP level 7. HP: 33/54 MP: 8/8
  3577 | D:4      | Found a runed translucent gate.
  3578 | D:4      | Found a runed translucent gate.
  3579 | D:4      | Found a runed translucent gate.
  3580 | D:4      | Noticed Leggsy7533's ghost (amateur MiBe)
  3711 | D:5      | Entered Level 5 of the Dungeon
  3844 | D:5      | Reached skill level 3 in Transmutations
  3886 | D:5      | Found a stormy altar of Qazlal.
  4142 | D:5      | Learned a level 3 spell: Spider Form
  4263 | D:5      | Reached skill level 4 in Transmutations
  4308 | D:5      | Found an ancient bone altar of Kikubaaqudgha.
  4320 | D:5      | Reached XP level 8. HP: 42/60 MP: 6/9
  4469 | D:5      | Reached ** piety under Makhleb
  4563 | D:5      | Noticed Grinder
  4664 | D:5      | Paralysed by Grinder for 2 turns
  4669 | D:5      | Killed Grinder
  4669 | D:5      | Reached skill level 5 in Unarmed Combat
  4669 | D:5      | Reached skill level 5 in Transmutations
  5025 | D:5      | Reached skill level 6 in Transmutations
  5049 | D:6      | Found Aptouwul's Weapon Shoppe.
  5233 | D:6      | Reached XP level 9. HP: 64/65 MP: 10/10
  6006 | D:7      | Learned a level 5 spell: Blade Hands
  6081 | D:7      | Reached skill level 7 in Transmutations
  6145 | D:7      | Reached *** piety under Makhleb
  6503 | D:7      | Noticed a troll
  6539 | D:7      | Killed a troll
  6539 | D:7      | Reached skill level 1 in Invocations
  6909 | D:7      | Learned a level 3 spell: Regeneration
  7706 | D:8      | Got a pair of blackened gloves
  7735 | D:8      | Identified the cursed +0 pair of gloves of Freedom {MP+9
                  | Str+10 Stlth-} (You found it on level 8 of the Dungeon)
  7853 | D:8      | Reached skill level 8 in Transmutations
  7853 | D:8      | Gained mutation: You are immune to freezing clouds.
                  | [demonic ancestry]
  7853 | D:8      | Reached XP level 10. HP: 41/73 MP: 14/14
  8497 | D:9      | Found a flagged portal.
  8506 | Bailey   | Entered a bailey
  8607 | Bailey   | Reached skill level 5 in Fighting
  8760 | Bailey   | Reached **** piety under Makhleb
  8921 | Bailey   | Got a scorched spear
  8922 | Bailey   | Identified the cursed +0 spear "Beetleslayer" {pierce,
                  | rElec} (You found it in a bailey)
  9176 | D:9      | Noticed a two-headed ogre
  9204 | D:9      | Killed a two-headed ogre
  9526 | D:9      | Found a staircase to the Orcish Mines.
  9874 | D:9      | Reached skill level 5 in Spellcasting
  9909 | D:9      | Reached skill level 9 in Transmutations
  9994 | D:9      | Got an ichor-stained great sword
 10480 | D:10     | Entered Level 10 of the Dungeon
 10521 | D:9      | Gained mutation: You have very sharp fingernails. [demonic
                  | ancestry]
 10521 | D:9      | Reached XP level 11. HP: 52/84 MP: 18/18
 10699 | Orc:1    | Entered Level 1 of the Orcish Mines
 10889 | D:10     | Reached skill level 10 in Transmutations
 10928 | D:10     | Reached ***** piety under Makhleb
 11054 | D:10     | Noticed a two-headed ogre
 11064 | D:10     | HP: 3/84 [two-headed ogre/+0 giant club (4)]
 11065 | D:10     | Killed a two-headed ogre
 11619 | D:11     | Noticed Maurice
 11631 | D:10     | Killed Maurice
 11706 | D:11     | Reached skill level 11 in Transmutations
 11801 | D:11     | Found a staircase to the Lair.
 11820 | D:11     | Noticed Erica
 11844 | D:11     | Killed Erica
 11844 | D:11     | HP: 4/84 [poisoned by Erica (bolt of poison)]
 11849 | D:11     | Identified a scroll of acquirement
 11851 | D:11     | Got a coiled copper amulet
 11851 | D:11     | Identified the amulet "Ahytte" {Faith rElec rPois MR++
                  | Int-4} (You acquired it on level 11 of the Dungeon)
 11938 | D:11     | Reached skill level 1 in Long Blades
 11955 | D:11     | Slain by a yak

Levels and vault maps discovered:
D:1:      minmay_arrival_checkered_box, layout_rooms, roderic_lattice_a,
          minivault_4, skrybe_limestone_x, minivault_14
D:2:      layout_loops_ring, makhleb_grotto_becter,
          nemelex_xobeh_ov_fountains_minmay, uniq_crazy_yiuf_cottage
D:3:      layout_loops_cross, uniq_jessica
D:4:      layout_layer_cave, minmay_temple_entry_glass,
          gammafunk_ghost_necromancy, first_ration, elyvilon_altar_1
D:5:      layout_gridville, old_standard_altar, grunt_qazlal_clouds,
          uniq_grinder
D:6:      layout_cave_pools, serial_shops, nicolae_shop_stone,
          water_boxes_lemuel
D:7:      minmay_cornered_nines, layout_basic, grunt_ogre_cave
D:8:      layout_layer_cave
D:9:      kennysheep_windowed_halls, layout_irregular_city, david_orc_1_choice,
          enter_bailey_2, nicolae_water_bricks, kennysheep_generic_room_2
D:10:     layout_cave_pools
D:11:     layout_cave_pods, lair_entry_dummy, ebering_ghost_xom, uniq_maurice,
          uniq_erica
Orc:1:    layout_caves

Skill      XL: |  1  2  3  4  5  6  7  8  9 10 11 |
---------------+----------------------------------+-----
Armour         | 1 2 3 |  3.1
Throwing       | 2 |  2.0
Dodging        | 3 |  3.0
Short Blades   | 3 |  3.3
Fighting       | 3 4 7 |  7.0
Unarmed Combat | 2 4 6 7 8 |  8.1
Transmutations | 2 4 6 8 9 11 | 11.6
Spellcasting   | 1 3 5 |  5.0
Invocations    | 3 |  3.5
Long Blades    | 1 |  1.3

Action                   |  1- 3 |  4- 6 |  7- 9 | 10-12 || total
-------------------------+-------+-------+-------+-------++-------
Melee: Rapier            |    90 |       |       |       ||    90
       Short sword       |    21 |   153 |    67 |       ||   241
       Glaive            |       |    20 |       |       ||    20
       Kick              |       |    23 |    55 |    59 ||   137
       Unarmed           |       |       |   359 |    63 ||   422
       Punch             |       |       |    10 |    19 ||    29
       Flail             |       |       |    12 |   349 ||   361
       Spear             |       |       |       |    54 ||    54
       Halberd           |       |       |       |    21 ||    21
       Scimitar          |       |       |       |    32 ||    32
Throw: Dart              |     1 |     3 |     7 |    14 ||    25
       Stone             |       |     8 |    29 |     7 ||    44
       Boomerang         |       |       |       |    19 ||    19
       Throwing net      |       |       |       |     4 ||     4
       Javelin           |       |       |       |     3 ||     3
 Cast: Beastly Appendage |       |    11 |    35 |    16 ||    62
       Spider Form       |       |       |    13 |     6 ||    19
       Blade Hands       |       |       |     2 |     2 ||     4
Invok: Minor Destruction |       |       |     1 |     5 ||     6
       Lesser Servant of |       |       |       |     7 ||     7
 Abil: End Transformatio |       |       |       |     1 ||     1
  Use: Scroll            |       |     5 |     1 |     9 ||    15
       Potion            |       |     3 |     2 |     4 ||     9
 Stab: Sleeping          |     2 |       |     1 |       ||     3
       Distracted        |       |       |       |     2 ||     2
  Eat: Chunk             |     2 |     6 |    16 |    19 ||    43
       Ration            |       |       |     1 |     1 ||     2
Armor: Leather armour    |    34 |     7 |       |       ||    41
       Robe              |       |    49 |    96 |     3 ||   148
       Skin              |       |       |     5 |     2 ||     7
       Scale mail        |       |       |       |   357 ||   357
Dodge: Dodged            |    74 |   131 |   263 |   515 ||   983
       Rpst.: Scimitar   |       |       |       |     6 ||     6
